 Dungeon Crawl Stone Soup version 0.29.1-12-g30fa7ad0bf (webtiles) character file.

Game seed: 5831016945345189917

72778 DildoBatman the Peltast (level 15, -6/118 (120) HPs)
             Began as a Formicid Conjurer on Dec 26, 2022.
             Was an Initiate of Gozag.
             Mangled by a seven-headed hydra (13 damage)
             ... on level 5 of the Lair of Beasts.
             The game lasted 01:10:26 (20004 turns).

DildoBatman the Peltast (Formicid Conjurer)        Turns: 20004, Time: 01:10:26

HP:   -6/118 (120)  AC: 10    Str: 15      XL:     15   Next: 87%
MP:   17/30         EV: 21    Int: 25      God:    Gozag
Gold: 3923          SH: 17    Dex: 10 (12) Spells: 24/36 levels left

rFire   . . .      SeeInvis +   a - +8 arc blade {discharge, rElec}
rCold   + . .      Faith    .   i - +0 tower shield
rNeg    + . .      Spirit   .   o - +0 troll leather armour
rPois   .          Reflect  .   (helmet unavailable)
rElec   +          Harm     .   Z - +1 cloak
rCorr   .          Rampage  .   I - +0 pair of gloves {Str+3}
Will    +....                   (no boots)
Stlth   ++........              g - amulet of the acrobat
HPRegen 1.09/turn               s - ring of Roudonoch {+Blink rC+ rN+ EV+4}
MPRegen 0.22/turn               D - +4 ring of evasion

@: lightly drained
A: permanent stasis, dig shafts and tunnels, antennae 3, four strong arms
a: Dig, Shaft Self, Renounce Religion, Potion Petition, Call Merchant, Bribe
Branch


You were on level 5 of the Lair of Beasts.
You worshipped Gozag.
Gozag was most pleased with you.
You visited 4 branches of the dungeon, and saw 19 of its levels.
You also visited: Ossuary, Ice Cave and Volcano.

You collected 4488 gold pieces.
You paid 565 gold pieces to Gozag.

Inventory:

Hand Weapons
 a - the +8 arc blade (weapon) {discharge, rElec}
   (You took it off an orc warrior on level 11 of the Dungeon)

   It occasionally unleashes powerful arcs of lightning upon striking a foe.
   These may arc to other adjacent creatures (including the wielder, but dealing
   reduced damage to them) before grounding out.
   rElec:     It insulates you from electricity.
 b - a +2 arbalest of flaming
 d - the +10 flail of Arbitration {vorpal, Str+4}
   (You found it on level 4 of the Dungeon)

   It inflicts extra damage upon your enemies.
   Str:       It affects your strength (+4).
Missiles
 f - 36 poisoned darts
 j - 33 javelins
 A - 6 silver javelins
 X - 10 throwing nets
Armour
 i - a +0 tower shield (worn)
 o - a +0 troll leather armour (worn)
 z - a +2 robe of willpower
 I - a +0 pair of gloves of strength (worn)
 Z - a +1 cloak (worn)
Magical Staves
 r - a staff of air
 P - a staff of earth
Jewellery
 g - an amulet of the acrobat (around neck)
 s - the ring of Roudonoch (left hand) {+Blink rC+ rN+ EV+4}
   (You found it on level 2 of the Dungeon)

   [ring of evasion]

   EV:        It affects your evasion (+4).
   rC:        It protects you from cold.
   rN:        It protects you from negative energy.
   +Blink:    It lets you blink.
 C - a ring of willpower
 D - a +4 ring of evasion (right hand)
 K - a ring of flight
 R - a ring of protection from fire
 T - a ring of protection from cold
 Y - a ring of resist corrosion
Wands
 l - a wand of polymorph (5)
 J - a wand of iceblast (8)
 O - a wand of light (2)
 U - a wand of digging (3)
Scrolls
 h - 4 scrolls of fear
 m - 2 scrolls of poison {unknown}
 v - a scroll of identify
 x - 2 scrolls of brand weapon
 y - a scroll of silence {unknown}
 B - 5 scrolls of fog
 F - 3 scrolls of magic mapping {unknown}
 H - 4 scrolls of blinking {unknown}
 M - 4 scrolls of enchant weapon {unknown}
 N - a scroll of torment {unknown}
 V - 2 scrolls of amnesia {unknown}
 W - 2 scrolls of immolation
Potions
 c - 3 potions of attraction {unknown}
 e - 6 potions of curing
 k - 3 potions of might
 n - 3 potions of magic
 p - a potion of invisibility {unknown}
 q - 6 potions of heal wounds
 t - 5 potions of brilliance
 u - 2 potions of haste {unknown}
 E - 2 potions of resistance
 G - a potion of cancellation {unknown}
 L - 2 potions of degeneration {unknown}
 S - a potion of mutation {unknown}


   Skills:
 - Level 12.0 Fighting
 - Level 12.0 Armour
 - Level 9.0 Dodging
 - Level 2.4 Stealth
 - Level 15.0 Shields
 * Level 11.1 Spellcasting
 - Level 6.0 Conjurations
 - Level 12.0 Necromancy


You had 24 spell levels left.
You knew the following spells:

 Your Spells              Type           Power      Damage    Failure   Level
a - Searing Ray           Conj           86%        2d7       1%          2
c - Magic Dart            Conj           100%       1d8       1%          1
d - Vampiric Draining     Necr           65%        2d10      1%          3
h - Dispel Undead         Necr           65%        3d22      1%          4
z - Sublimation of Blood  Necr           65%        N/A       1%          2

Your spell library contained the following spells:

 Spells                   Type           Power      Damage    Failure   Level
 Necrotise                Necr           100%       1d9       1%          1
 Agony                    Necr           65%        N/A       2%          5
 Static Discharge         Conj/Air       28%        3-7/arc   6%          2
 Dazzling Flash           Conj/Hex       56%        N/A       12%         3
 Anguish                  Hex/Necr       21%        N/A       12%         4
 Apportation              Tloc           26%        N/A       14%         1
 Death Channel            Necr           32%        N/A       16%         6
 Ensorcelled Hibernation  Hex/Ice        26%        N/A       22%         2
 Passwall                 Tmut/Erth      10%        N/A       22%         2
 Call Canine Familiar     Summ           13%        N/A       38%         3
 Ozocubu's Armour         Ice            13%        N/A       38%         3
 Portal Projectile        Hex/Tloc       26%        N/A       38%         3
 Fulminant Prism          Conj/Hex       14%        3d9       38%         4
 Iskenderun's Mystic Bla  Conj/Tloc      28%        2d7       38%         4
 Sticky Flame             Conj/Fire      28%        2d5       38%         4
 Animate Armour           Summ/Erth      26%        N/A       80%         4
 Leda's Liquefaction      Hex/Erth       6%         N/A       80%         4
 Olgreb's Toxic Radiance  Pois           13%        N/A       80%         4
 Summon Lightning Spire   Summ/Air       13%        N/A       80%         4
 Alistair's Intoxication  Tmut/Pois      8%         N/A       98%         5
 Blade Hands              Tmut           6%         N/A       98%         5
 Manifold Assault         Tloc           13%        N/A       98%         5
 Summon Forest            Summ/Tloc      6%         N/A       98%         5
 Iron Shot                Conj/Erth      14%        9d4       99%         6
 Eringya's Noxious Bog    Tmut/Pois      6%         N/A       100%        6
 Haunt                    Necr/Summ      21%        N/A       100%        7
 Ozocubu's Refrigeration  Ice            6%         4d8       100%        7
 Storm Form               Tmut/Air       6%         N/A       100%        7
 Summon Hydra             Summ           6%         N/A       100%        7
 Borgnjor's Revivificati  Necr           32%        N/A       100%        8
 Ignition                 Fire           6%         3d4       100%        8
 Infestation              Necr           32%        N/A       100%        8
 Maxwell's Capacitive Co  Air            6%         ∞         100%        8
 Necromutation            Tmut/Necr      21%        N/A       100%        8
 Death's Door             Necr           32%        N/A       100%        9
 Blink                    Tloc           Unusable   N/A       N/A         2
 Corpse Rot               Necr/Pois/Air  Unusable   N/A       N/A         4
 Swiftness                Air            Unusable   N/A       N/A         3
 Simulacrum               Ice/Necr       Unusable   N/A       N/A         6

Dungeon Overview and Level Annotations

Branches:
Dungeon (11/15)            Temple (1/1) D:6            Lair (5/5) D:11
 Shoals (0/4) Lair:3       Spider (0/4) Lair:2          Orc (2/2) D:9
    Elf (0/3) Orc:2       Ossuary (visited)           IceCv (visited)
Volcano (visited)
  Slime: Lair:4-5

Altars:
Ashenzari
Cheibriados
Dithmenos
Elyvilon
Fedhas
Gozag
Hepliaklqana
Kikubaaqudgha
Makhleb
Nemelex Xobeh
Okawaru
Qazlal
Ru
Sif Muna
Trog
Uskayaw
Vehumet
Wu Jian
Xom
Yredelemnul
Zin
The Shining One

Shops:
D:5 :   Orc:2 (([(


Innate Abilities, Weirdness & Mutations

You cannot be hasted, slowed, berserked, paralysed or teleported.
You can dig through walls and to a lower floor.
You have a pair of large antennae on your head. (SInv)
Your four strong arms can wield two-handed weapons with a shield.


Message History

You block the black bear's attack.
The black bear claws you but does no damage.
You block the black bear's attack.
You puncture the seven-headed hydra!
The arc blade crackles.
The polar bear is struck by an arc of lightning!
The polar bear is severely wounded.
The polar bear is struck by an arc of lightning!!
The polar bear is heavily wounded.
The black bear is struck by an arc of lightning!
The black bear is moderately wounded.
The lightning grounds out.
The seven-headed hydra is heavily wounded.
You block the seven-headed hydra's attack.
The seven-headed hydra misses you.
You block the seven-headed hydra's attack. x3
The seven-headed hydra closely misses you. x2
The polar bear bites you. The polar bear barely misses you.
The polar bear claws you.
You hit the polar bear but do no damage.
The polar bear is severely wounded.
You block the seven-headed hydra's attack.
The seven-headed hydra completely misses you.
The seven-headed hydra bites you. The seven-headed hydra misses you.
The seven-headed hydra bites you.
You block the seven-headed hydra's attack. x2
The polar bear misses you. The polar bear closely misses you.
You block the polar bear's attack.
The seven-headed hydra bites you but does no damage.
The seven-headed hydra bites you! The seven-headed hydra misses you.
The seven-headed hydra bites you. The seven-headed hydra bites you!
The seven-headed hydra misses you. The seven-headed hydra bites you!
You die...
Your body crumbles into a pile of gold.

.......... .$$.......
..$$...... .$$....##
....P### ...P## ...## ##
...#### ####.# $
..#$..##########@#{.##
P#.....#.#.#.##D#hhh/#
#............#h#hhh.###.
###...#.......h#..h.....
####.#...#....#....##.
#######.$##.#(.##{ #$$#
###... $ ....# ..... {
....## ....


You could see a seven-headed hydra, 3 polar bears, a warg, a hell hound, 2 black
bears and a wolf.

Vanquished Creatures
  Gastronok (Lair:2)
  2 orc warlords
  A reaper (IceCv)
  A red draconian (Volcano)
  A dire elephant (Lair:3)
  Harold (D:11)
  4 centaur warriors
  2 hydras (Lair:1)
  2 catoblepae
  5 two-headed ogres
  2 orc high priests (Orc:2)
  6 death yaks (Lair:2)
  A deep elf archer (D:11)
  An orc knight (Orc:2)
  3 orc sorcerers (Orc:2)
  2 cyclopes (D:11)
  14 elephants
  7 black mambas
  2 ice statues (IceCv)
  A molten gargoyle (Volcano)
  2 torpor snails (Lair:3)
  12 cane toads
  Psyche (D:8)
  3 rime drakes
  A freezing wraith (IceCv)
  A yaktaur (Volcano)
  8 komodo dragons
  5 ice devils (IceCv)
  2 anaconda simulacra (IceCv)
  6 trolls
  3 polar bears
  8 blink frogs
  10 dream sheep (Lair:3)
  A culicivora (Lair:2)
  A jumping spider (Lair:2)
  A wraith (D:11)
  A vampire (D:11)
  57 yaks
  3 shadows (D:9)
  7 wyverns
  3 dire elephant simulacra (IceCv)
  4 fire bats (Volcano)
  4 vampire mosquitoes (D:11)
  A redback (Lair:2)
  A death yak simulacrum (IceCv)
  7 basilisks
  A two-headed ogre zombie (D:9)
  8 wargs
  15 water moccasins
  4 harpy simulacra (IceCv)
  A hydra simulacrum (IceCv)
  4 acid dragons
  4 hell hounds (Lair:5)
  3 sky beasts
  7 black bears
  34 orc warriors
  7 ogres
  15 wolves
  15 centaurs
  2 phantoms
  3 kobold brigands
  4 two-headed ogre simulacra
  16 bullfrogs
  4 necrophages
  2 scorpions
  A cane toad simulacrum (Orc:2)
  A water moccasin zombie (Ossuary)
  9 wights
  2 troll zombies (D:9)
  An elephant simulacrum (Orc:2)
  10 killer bees
  6 howler monkeys
  6 electric eels (Lair:1)
  4 crimson imps (D:3)
  6 lava snakes (Volcano)
  3 hounds
  2 jellies
  25 orc priests
  Crazy Yiuf (D:7)
  6 iguanas
  19 orc wizards
  2 hell rats (Lair:3)
  A troll simulacrum (Orc:2)
  A polar bear simulacrum (Orc:2)
  A wolf simulacrum (Orc:2)
  2 spriggan simulacra
  5 ogre zombies (D:9)
  2 mummies (Ossuary)
  Robin (D:4)
  5 gnolls (D:6)
  A naga simulacrum (Orc:2)
  10 adders
  2 shadow imps (D:7)
  2 white imps (D:7)
  An ufetubus (D:5)
  3 adder zombies (Ossuary)
  A worm (D:3)
  4 dart slugs (D:2)
  80 orcs
  10 ball pythons
  8 endoplasms
  3 giant cockroaches
  2 gnoll zombies (Ossuary)
  19 goblins
  9 hobgoblins
  9 jackals
  3 quokkas
  3 bats
  4 frilled lizards
  3 goblin zombies (D:9)
  3 hobgoblin skeletons (D:9)
  6 hobgoblin zombies
  14 kobolds
  6 kobold zombies (Ossuary)
  2 orc skeletons (D:9)
  19 orc zombies
  5 rats
  A butterfly (Lair:4)
  2 plants
718 creatures vanquished.

Vanquished Creatures (others)
  25 fungi
  52 plants
77 creatures vanquished.

Grand Total: 795 creatures vanquished

Notes
Turn   | Place    | Note
-------+----------+-------------------------------------------
     0 | D:1      | DildoBatman the Formicid Conjurer began the quest for the
                  | Orb.
     0 | D:1      | Reached XP level 1. HP: 13/13 MP: 3/3
   340 | D:1      | Reached XP level 2. HP: 20/20 MP: 0/5
   343 | D:1      | Learned a level 2 spell: Searing Ray
   826 | D:1      | Reached skill level 1 in Fighting
   864 | D:2      | Reached skill level 1 in Armour
   864 | D:2      | Reached XP level 3. HP: 26/26 MP: 2/6
   967 | D:2      | Found a faded altar of an unknown god.
  1204 | D:2      | Reached XP level 4. HP: 30/32 MP: 8/8
  1375 | D:2      | Identified the ring of Roudonoch {+Blink rC+ rN+ EV+4}
  1678 | D:3      | Reached XP level 5. HP: 21/38 MP: 0/9
  1952 | D:3      | Found a radiant altar of Vehumet.
  2245 | D:3      | Found a shimmering altar of Xom.
  2618 | D:4      | Reached XP level 6. HP: 46/46 MP: 5/11
  2738 | D:4      | Identified the +10 flail of Arbitration {vorpal, Str+4}
  2839 | D:4      | Found a hide-covered altar of Uskayaw.
  2954 | D:4      | Found a sparkling altar of Nemelex Xobeh.
  2954 | D:4      | Found a broken altar of Ashenzari.
  2955 | D:4      | Found an opulent altar of Gozag.
  3024 | D:4      | Noticed Robin
  3029 | D:4      | Killed Robin
  3073 | D:4      | Found a glowing golden altar of the Shining One.
  3073 | D:4      | Found a white marble altar of Elyvilon.
  3073 | D:4      | Found a glowing silver altar of Zin.
  3222 | D:4      | Reached XP level 7. HP: 50/52 MP: 7/13
  3234 | D:4      | Reached skill level 5 in Conjurations
  3301 | D:5      | Entered Level 5 of the Dungeon
  3409 | D:5      | Reached skill level 5 in Spellcasting
  3482 | D:5      | Found Nuzaisar's Book Shop.
  3735 | D:6      | Found a staircase to the Ecumenical Temple.
  3744 | Temple   | Entered the Ecumenical Temple
  3753 | Temple   | Became a worshipper of Kikubaaqudgha
  3779 | D:6      | Reached XP level 8. HP: 58/58 MP: 9/16
  3829 | D:6      | Found a sand-covered staircase.
  3835 | Ossuary  | Entered an ossuary
  3917 | Ossuary  | Reached * piety under Kikubaaqudgha
  3917 | Ossuary  | Received a gift from Kikubaaqudgha
  4140 | D:6      | Reached skill level 1 in Shields
  4237 | D:6      | Reached skill level 2 in Shields
  4353 | D:6      | Reached skill level 3 in Shields
  4369 | D:6      | Reached skill level 4 in Shields
  4641 | D:6      | Reached skill level 5 in Shields
  4641 | D:6      | Reached XP level 9. HP: 50/63 MP: 19/19
  4710 | D:6      | Reached skill level 6 in Shields
  4718 | D:6      | Learned a level 2 spell: Sublimation of Blood
  4722 | D:6      | Learned a level 3 spell: Vampiric Draining
  5190 | D:3      | Reached skill level 7 in Shields
  5198 | D:3      | You fall into a shaft and drop 3 floors!
  5364 | D:7      | Found a hazy altar of Hepliaklqana.
  5444 | D:7      | Reached skill level 8 in Shields
  5447 | D:7      | Reached ** piety under Kikubaaqudgha
  5629 | D:7      | Reached skill level 9 in Shields
  5881 | D:7      | Reached skill level 10 in Shields
  5988 | D:7      | Found a runed translucent door.
  5989 | D:7      | Noticed Crazy Yiuf
  6196 | D:7      | Reached skill level 11 in Shields
  6336 | D:7      | Killed Crazy Yiuf
  6391 | D:8      | Noticed Psyche
  6401 | D:8      | Killed Psyche
  6402 | D:8      | Reached XP level 10. HP: 70/70 MP: 9/20
  6407 | D:8      | Reached skill level 12 in Shields
  6470 | D:8      | Found a stormy altar of Qazlal.
  6536 | D:8      | Reached skill level 13 in Shields
  6677 | D:8      | Found an iron altar of Okawaru.
  6688 | D:8      | Noticed a two-headed ogre
  7678 | D:9      | Reached *** piety under Kikubaaqudgha
  7678 | D:9      | Received a gift from Kikubaaqudgha
  7679 | D:9      | Reached skill level 14 in Shields
  7684 | D:9      | Learned a level 4 spell: Dispel Undead
  7731 | D:9      | Reached skill level 15 in Shields
  7942 | D:9      | Found a staircase to the Orcish Mines.
  8017 | D:9      | Reached XP level 11. HP: 67/76 MP: 21/21
  8071 | D:9      | Reached **** piety under Kikubaaqudgha
  8213 | D:9      | Found an ornate altar of the Wu Jian Council.
  8273 | D:9      | Found a sacrificial altar of Ru.
  8548 | D:9      | Identified the +6 battleaxe of Vuograb {drain, Str+5}
  8708 | D:10     | Entered Level 10 of the Dungeon
  8748 | D:10     | Reached skill level 5 in Fighting
  8748 | D:10     | Reached skill level 5 in Armour
  8748 | D:10     | Reached skill level 1 in Necromancy
  8845 | D:10     | Noticed a two-headed ogre
  8890 | D:10     | Found a basalt altar of Yredelemnul.
  9256 | D:10     | Reached skill level 5 in Necromancy
  9674 | D:11     | Noticed Harold
  9781 | D:11     | Noticed a two-headed ogre
  9794 | D:11     | Killed a two-headed ogre
  9844 | D:10     | Killed a two-headed ogre
  9921 | D:8      | Killed a two-headed ogre
  9933 | D:8      | You fall into a shaft and drop 3 floors!
 10068 | D:11     | Reached XP level 12. HP: 81/86 MP: 19/22
 10163 | D:11     | Noticed a two-headed ogre
 10195 | D:11     | Killed a two-headed ogre
 10213 | D:11     | Noticed a centaur warrior
 10271 | D:11     | Killed a centaur warrior
 10442 | D:11     | Found a staircase to the Lair.
 10524 | D:11     | Killed Harold
 10945 | D:11     | Noticed a centaur warrior
 10961 | D:11     | Killed a centaur warrior
 10968 | D:11     | Noticed a centaur warrior
 11231 | D:11     | Identified the +3 scale mail of Infinity {Dex+4}
 11310 | D:11     | Reached skill level 5 in Dodging
 11389 | D:11     | Killed a centaur warrior
 11523 | D:11     | Noticed an orc warlord
 11824 | D:11     | Killed an orc warlord
 11866 | D:11     | Found an iron altar of Okawaru.
 12154 | Orc:1    | Entered Level 1 of the Orcish Mines
 12215 | Orc:1    | Reached XP level 13. HP: 97/98 MP: 19/23
 12563 | Orc:2    | Entered Level 2 of the Orcish Mines
 12578 | Orc:2    | Reached ***** piety under Kikubaaqudgha
 12711 | Orc:2    | Found a staircase to the Elven Halls.
 12868 | Orc:2    | Found a frozen archway.
 12908 | IceCv    | Entered an ice cave
 13414 | IceCv    | Noticed a reaper
 13421 | IceCv    | Killed a reaper
 13706 | Orc:2    | Found Jemon's Antique Weapon Shop.
 13878 | Orc:2    | Found Zoibusir's Antique Weapon Boutique.
 14465 | Orc:2    | Reached skill level 10 in Fighting
 14479 | Orc:2    | Noticed an orc warlord
 14481 | Orc:2    | Reached skill level 10 in Armour
 14511 | Orc:2    | Killed an orc warlord
 14511 | Orc:2    | Reached ****** piety under Kikubaaqudgha
 14589 | Orc:2    | Found Xeex's Antique Armour Shop.
 14595 | Orc:2    | Reached XP level 14. HP: 110/110 MP: 24/24
 14596 | Orc:2    | Received a gift from Kikubaaqudgha
 14597 | Orc:2    | Fell from the grace of Kikubaaqudgha
 14598 | Orc:2    | Found Cuets's Antique Weapon Boutique.
 14791 | D:4      | Became a worshipper of Gozag Ym Sagoz the Greedy
 14954 | Lair:1   | Entered Level 1 of the Lair of Beasts
 16398 | Lair:2   | Noticed Gastronok
 16430 | Lair:2   | Killed Gastronok
 16448 | Lair:2   | Found a hole to the Spider Nest.
 16495 | Lair:2   | Found a dark tunnel.
 16504 | Volcano  | Entered a volcano
 16695 | Volcano  | Found a radiant altar of Vehumet.
 16914 | Volcano  | Noticed a red draconian
 16959 | Volcano  | Killed a red draconian
 17740 | Lair:3   | Reached XP level 15. HP: 98/120 MP: 27/27
 17742 | Lair:3   | Found a staircase to the Shoals.
 17829 | Lair:3   | Reached skill level 10 in Necromancy
 18897 | Lair:4   | Found a bloodstained altar of Trog.
 19099 | Lair:4   | Reached skill level 10 in Spellcasting
 19488 | Lair:4   | Identified the +2 falchion of the Destroying Stork {vorpal,
                  | +Blink Str+2}
 19766 | Lair:5   | Entered Level 5 of the Lair of Beasts
 20004 | Lair:5   | Mangled by a seven-headed hydra

Illustrated notes

Levels and vault maps discovered:
D:1:      nicolae_arrival_somewhat_less_tricky_arrival, layout_loops_ring
D:2:      layout_loops_ring, shapermc_ecumenical_altar_notcrosses,
          dreamdust_wishing_well
D:3:      layout_loops_ring, led_xom_imps, nicolae_vehumet_altar_sigil
D:4:      layout_loops_ring, good_gods_mini_temple, nicolae_uskayaw_dance_hall,
          gammafunk_temple_overflow_forgotten, uniq_robin
D:5:      layout_rooms, serial_shops, shop_fountains
D:6:      layout_loops_corners, minmay_temple_entry_large_hall, enter_ossuary_5,
          serial_rivers, chequers_serial_rivers_small_3,
          chequers_serial_rivers_micro_e, chequers_serial_rivers_micro_d,
          chequers_serial_rivers_room_b, chequers_serial_rivers_large_a,
          kennysheep_another_room, dreamdust_gnoll_farm
D:7:      layout_gridville, mainiacjoe_overflow_surrounded_room,
          minmay_fountain_box, uniq_crazy_yiuf_cottage
D:8:      layout_basic, mainiacjoe_overflow_concentric_impassable,
          mainiacjoe_overflow_boulevard, chequers_decorated_corner, uniq_psyche
D:9:      layout_loops_cross, nicolae_ru_great_annihilating_truth,
          pdpol_wu_jian_five_deadly_venoms, zombieorc2_lemuel
D:10:     layout_irregular_city, mainiacjoe_overflow_chevrons
D:11:     evilmike_iron_armoury, layout_loops_ring, erik_lair_orcish_takeover,
          glass_columns_a, hangedman_corner_corridor, uniq_harold
Temple:   hellmonk_temple_two_chambers
Lair:1:   statuecave_lemuel, layout_chaotic_city, serial_bayou,
          serial_bayou_crossing, serial_bayou_lake_a, serial_bayou_shore_b,
          serial_bayou_pond_d
Lair:2:   layout_concentric_octagons, spider_nest_entry_funnel_web,
          nicolae_volcano_entry_hallway, serial_bayou_shore_a,
          grunt_megastairs_2, uniq_gastronok
Lair:3:   layout_concentric_octagons, minmay_shoals_entry_centaurs,
          nicolae_lair_lakeside_cave
Lair:4:   layout_loops_ring, lemuel_centaur_altar, infiniplex_staircase_pool,
          lemuel_fruit_tree, grunt_megastairs_4, lemuel_fruit_fields
Lair:5:   hangedman_lair_caniforms_friends, layout_regular_city, slime_entry_1,
          infiniplex_staircase_pool_2
Orc:1:    layout_caves, nicolae_orc_rockfall
Orc:2:    grunt_orc_community_town_hall, layout_diamond_mine,
          grunt_orc_community_big_house_1, grunt_orc_community_big_house_2,
          grunt_orc_community_house_2, grunt_orc_community_house_3,
          grunt_orc_community_house_1, grunt_orc_community_house_2,
          portal_ice_cave_entry_ice_simulacra, nicolae_orc_sculptors_studio

Skill      XL: |  1  2  3  4  5  6  7  8  9 10 11 12 13 14 15 |
---------------+----------------------------------------------+-----
Dodging        | 2 3 5 8 9 |  9.0
Fighting       | 1 2 3 5 7 10 12 | 12.0
Armour         | 1 2 3 5 7 10 12 | 12.0
Conjurations   | 4 5 6 |  6.0
Spellcasting   | 3 4 5 7 8 11 | 11.1
Shields        | 5 11 15 | 15.0
Necromancy     | 8 9 12 | 12.0
Stealth        | |  2.4

Action                   |  1- 3 |  4- 6 |  7- 9 | 10-12 | 13-15 || total
-------------------------+-------+-------+-------+-------+-------++-------
Melee: Club              |     1 |       |       |       |       ||     1
       Dagger            |       |     5 |       |       |       ||     5
       Punch             |       |     3 |       |       |       ||     3
       Flail             |       |    23 |   129 |   309 |    21 ||   482
       Rapier            |       |       |       |    93 |   991 ||  1084
 Fire: Sling             |    25 |    98 |    51 |    38 |       ||   212
 Cast: Magic Dart        |    31 |    11 |    10 |    17 |     5 ||    74
       Searing Ray       |     5 |    22 |    35 |    30 |     5 ||    97
       Vampiric Draining |       |       |       |    45 |    66 ||   111
       Dispel Undead     |       |       |       |     6 |    16 ||    22
       Sublimation of Bl |       |       |       |     2 |    13 ||    15
Invok: Receive Forbidden |       |       |       |       |     1 ||     1
       Renounce Religion |       |       |       |       |     1 ||     1
 Abil: Shaft Self        |       |       |     1 |     1 |       ||     2
       Dig               |       |       |       |     2 |     8 ||    10
Evoke: Wand              |       |       |       |     1 |       ||     1
  Use: Scroll            |       |     6 |       |     7 |     1 ||    14
       Potion            |       |       |       |       |     1 ||     1
 Stab: Sleeping          |       |       |       |       |     2 ||     2
       Distracted        |       |       |       |       |     7 ||     7
Armor: Robe              |     2 |    14 |       |       |       ||    16
       Animal skin       |       |       |    25 |    44 |       ||    69
       Skin              |       |       |     1 |     4 |       ||     5
       Ring mail         |       |       |       |     3 |     6 ||     9
       Troll leather arm |       |       |       |       |   143 ||   143
Dodge: Dodged            |     7 |    77 |   136 |   271 |   793 ||  1284
Block: Kite shield       |       |       |    56 |    47 |       ||   103
       Tower shield      |       |       |       |   490 |  1170 ||  1660
